 Dungeon Crawl Stone Soup version 0.24.0-123-gd5b16e6ec5 (webtiles) character file.

Game seed: 9766007463854048855, levelgen mode: deterministic

85659 Jynx the Shatterer (level 15, -16/139 HPs)
             Began as a Minotaur Fighter on Jan 24, 2020.
             Was a High Priest of Okawaru.
             Killed by the air
             ... invoked by a blizzard demon
              (24 damage)
             ... on level 3 of the Abyss.
             The game lasted 00:48:20 (23937 turns).

Jynx the Shatterer (Minotaur Fighter)              Turns: 23937, Time: 00:48:21

Health: -16/139    AC: 16    Str: 27 (29) XL:     15   Next: 38%
Magic:  18/18      EV:  6    Int: 12      God:    Okawaru [*****.]
Gold:   1621       SH:  0    Dex: 13      Spells: 14/14 levels left

rFire    + + .     SeeInvis .   I - +1 great mace (crush)
rCold    x . .     Gourm    .   (shield currently unavailable)
rNeg     + . .     Faith    .   r - +2 plate armour {rF+}
rPois    +         Spirit   .   c - +2 hat of Valour {rC- Regen+ Str+3 Int+7}
rElec    +         Reflect  .   P - scarf {repulsion}
rCorr    .         Harm     .   (no gloves)
MR       +....                  E - +0 pair of boots {Fly}
Stlth    ..........             (no amulet)
HPRegen  0.73/turn              N - ring of poison resistance
MPRegen  0.16/turn              K - ring of Wishful Thinking {rElec rF+ rN+ EV-2 Str+4}

@: liquid flames, flying, glowing, repel missiles
A: retaliatory headbutt, horns 2, [deformed body], [deterioration 1], weak 1
a: Heroism, Finesse, Renounce Religion, Stop Flying


You were on level 3 of the Abyss.
You worshipped Okawaru.
Okawaru was extremely pleased with you.
You were very hungry.

You visited 5 branches of the dungeon, and saw 21 of its levels.
You visited the Abyss 1 time.
You also visited: Ice Cave.

You collected 2075 gold pieces.
You spent 454 gold pieces at shops.

Inventory:

Hand Weapons
 I - a +1 great mace of crushing (weapon)
Armour
 b - the +0 hat of Patterns {rPois}
   (You found it on level 2 of the Orcish Mines)

   It protects you from poison.
 c - the +2 hat of Valour (worn) {rC- Regen+ Str+3 Int+7}
   (You found it on level 2 of the Orcish Mines)

   It affects your strength (+3).
   It affects your intelligence (+7).
   It makes you vulnerable to cold.
   It increases your rate of regeneration.
 h - a +2 cloak of invisibility
 o - a +2 hat
 r - a +2 plate armour of fire resistance (worn)
 E - a +0 pair of boots of flying (worn)
 P - a scarf of repulsion (worn)
Jewellery
 k - an uncursed ring of fire
 n - an uncursed amulet of harm
 v - an uncursed ring of magical power
 K - the ring of Wishful Thinking (right hand) {rElec rF+ rN+ EV-2 Str+4}
   (You found it on level 4 of the Lair of Beasts)

   [ring of evasion]

   It affects your evasion (-2).
   It affects your strength (+4).
   It protects you from fire.
   It insulates you from electricity.
   It protects you from negative energy.
 L - an uncursed ring of see invisible {unknown}
 N - a ring of poison resistance (left hand)
Wands
 m - a wand of iceblast (13)
 C - a wand of paralysis (12)
 D - a wand of digging (6)
 G - a wand of polymorph (10)
 J - a wand of enslavement (10)
 Q - a wand of disintegration (16)
Scrolls
 e - 12 scrolls of remove curse
 g - 10 scrolls of teleportation
 j - 7 scrolls of fear
 q - 2 scrolls of amnesia
 w - 3 scrolls of fog
 y - 9 scrolls of enchant armour
 B - a scroll of immolation {unknown}
 F - a scroll of magic mapping {unknown}
 H - a scroll of holy word {unknown}
 M - 2 scrolls of blinking {unknown}
Potions
 a - a potion of might
 d - 2 potions of haste
 i - 6 potions of flight
 l - 3 potions of cancellation
 p - 2 potions of brilliance
 t - 4 potions of lignification
 u - 3 potions of berserk rage
 x - 2 potions of curing
 z - 2 potions of mutation {unknown}
 A - a potion of magic {unknown}
 O - a potion of invisibility
Comestibles
 f - 40 rations
 s - 3 chunks of flesh


   Skills:
 + Level 14.6 Fighting
 * Level 23.1 Maces & Flails
 - Level 12.6 Armour
   Level 3.6 Shields
 + Level 6.5 Invocations


You had 14 spell levels left.
You didn't know any spells.
Your spell library contained the following spells:

 Spells                   Type           Power        Failure   Level  Hunger
 Corona                   Hex            #......      94%         1    ##.....
 Flame Tongue             Conj/Fire      #....        94%         1    ##.....
 Magic Dart               Conj           #...         94%         1    ##.....
 Blink                    Tloc           N/A          98%         2    ###....
 Call Imp                 Summ           #.......     98%         2    ###....
 Slow                     Hex            #.......     98%         2    ###....
 Throw Flame              Conj/Fire      #.....       98%         2    ###....
 Conjure Flame            Conj/Fire      #.......     100%        3    ####...
 Inner Flame              Hex/Fire       #.......     100%        3    ####...
 Mephitic Cloud           Conj/Pois/Air  #.......     100%        3    ####...
 Portal Projectile        Hex/Tloc       #.....       100%        3    ####...
 Cause Fear               Hex            #.........   100%        4    #####..
 Leda's Liquefaction      Hex/Erth       #.........   100%        4    #####..
 Sticky Flame             Conj/Fire      #.......     100%        4    #####..
 Summon Lightning Spire   Summ/Air       #.......     100%        4    #####..
 Fireball                 Conj/Fire      #.........   100%        5    ######.
 Silence                  Hex/Air        #.........   100%        5    ######.
 Conjure Ball Lightning   Conj/Air       #.........   100%        6    #######
 Deflect Missiles         Chrm/Air       #.........   100%        6    #######
 Tornado                  Air            #.........   100%        9    #######


Dungeon Overview and Level Annotations

Branches:
Dungeon (11/15)            Temple (1/1) D:6            Lair (6/6) D:9
 Shoals (0/4) Lair:4       Spider (1/4) Lair:3          Orc (2/2) D:10
    Elf (0/3) Orc:2         IceCv (visited)
  Slime: Lair:5-6

Altars:
Dithmenos
Elyvilon
Kikubaaqudgha
Makhleb
Nemelex Xobeh
Okawaru
Ru
Uskayaw
Xom
The Shining One
Beogh

Shops:
D:4 ?   D:5 :   D:9 (   Orc:2 *(=(

Annotations:
Lair:2 3 runed translucent doors, 1994's ghost, journeyman DsNe
Lair:6 exclusion: 3 oklob plants
Spider:1 Louise


Innate Abilities, Weirdness & Mutations

You reflexively headbutt those who attack you in melee.
You have a pair of horns on your head.
You are weak. (Str -2)
[Armour fits poorly on your strangely shaped body.]
[Your body sometimes deteriorates upon taking damage.]


Message History

You feel your intelligence returning.
You feel the corruption within you wane somewhat.
You feel stronger.
A neqoxec comes into view.
The neqoxec shouts!
The worldbinder calls forth creatures from the Crypt!
Things that are here:
3 chunks of flesh; a raiju skeleton
s - 3 chunks of flesh The smoke demon gestures at you.
The sticky flame hits you but does no damage.
You are covered in liquid flames!
The neqoxec gestures at you.
Strange energies course through your body.
You feel weaker.
You are covered in liquid flames!
* * * LOW HITPOINT WARNING * * *
The blizzard demon waves its arms in wide circles.
The air twists around and violently strikes you in flight!!
You die...

# #. . . .. . # . .
.##.. ≈≈♣ ≈≈###
###..≈# # ≈≈≈
≈≈≈≈≈≈≈.#≈≈≈ ≈ ≈≈ ♣≈
≈ ####.#≈≈# # ≈ ♣ ≈
.....x.## ... ≈≈≈≈
###.####.W.## #...≈
#≈≈≈≈≈#
.......÷..#3.... # #
.......@..32..∩.8
#.###...##.#.##..##≈
# . #.. ......# ...≈
#. ##. ..##.#.3. .#.
.####..#.#.#.. .. #
... ..##..# . #.#
#.#. ..# # .. ..


You could see a blizzard demon, a worldbinder, 2 smoke demons, a neqoxec and a
wraith.

Vanquished Creatures
  2 tentacled starspawn (Abyss:3)
  Kirke (Lair:5)
  An emperor scorpion (Spider:1)
  An orc warlord (Orc:1)
  An entropy weaver (Spider:1)
  An ice dragon (Lair:6)
  4 hydras
  4 ogre magi (Orc:2)
  15 two-headed ogres
  12 death yaks
  Nergalle (Lair:1)
  A wretched star (Abyss:3)
  4 large abominations (Abyss:3)
  2 unseen horrors (D:11)
  2 lindwurms (Lair:6)
  An orc knight (D:10)
  3 orb spiders (Spider:1)
  3 wolf spiders (Spider:1)
  2 deep elf magi (Orc:2)
  An orc sorcerer (Orc:2)
  A cyclops (Orc:1)
  15 elephants
  A worldbinder (Abyss:3)
  A black mamba (Lair:6)
  A merfolk siren (Lair:4)
  12 spiny frogs
  A smoke demon (Abyss:3)
  6 torpor snails
  A demonic crawler (Spider:1)
  5 komodo dragons
  2 rime drakes
  4 jumping spiders (Spider:1)
  A troll (Orc:1)
  3 tyrant leeches (Lair:6)
  7 hornets (Lair:6)
  A polar bear (Lair:4)
  2 small abominations (Abyss:3)
  9 hippogriffs
  4 raiju (Abyss:3)
  14 blink frogs
  A shadow (D:9)
  19 redbacks
  2 wyverns
  37 yaks
  5 tarantellas (Spider:1)
  2 basilisks
  A human (D:9)
  6 hogs
  A hungry ghost (D:7)
  A warg (Orc:1)
  8 water moccasins
  22 orc warriors
  A soldier ant (D:9)
  6 porcupines
  2 sky beasts
  A swamp drake (Orc:2)
  5 black bears
  9 ice beasts
  A necrophage (D:8)
  28 ogres
  An eye of draining (D:9)
  3 wolves (Lair:3)
  A phantom (D:8)
  4 centaurs
  6 crocodiles
  Blork the orc (D:5)
  13 bullfrogs
  An earth elemental (Abyss:3)
  3 gnoll sergeants
  A water moccasin zombie (D:7)
  3 scorpions
  4 killer bees (D:9)
  5 howler monkeys
  An electric eel (Lair:4)
  4 crimson imps
  A jelly (D:11)
  2 quasits
  A centaur zombie (D:11)
  8 hounds
  17 orc priests
  Crazy Yiuf (D:4)
  A gnoll shaman (D:4)
  An iron imp (Orc:2)
  30 orc wizards
  A centaur skeleton (D:3)
  2 iguanas
  10 worker ants
  2 hound skeletons
  10 adders
  29 gnolls
  2 shadow imps
  A white imp (Orc:2)
  2 ufetubi (Lair:2)
  An adder skeleton (D:9)
  An adder zombie (D:9)
  3 dart slugs
  9 leopard geckos
  99 orcs
  2 ball pythons
  7 giant cockroaches
  8 goblins
  6 hobgoblins
  11 jackals
  10 kobolds
  5 quokkas
  3 bats
  5 frilled lizards
  A quokka zombie (D:6)
  9 rats
  A starspawn tentacle (Abyss:3)
664 creatures vanquished.

Vanquished Creatures (others)
  3 humans (Lair:5)
  A porcupine (Lair:5)
  An orc wizard (Orc:2)
  A shadow imp (Orc:2)
  A white imp (IceCv)
  3 ufetubi (IceCv)
  11 fungi
  25 plants
  7 starspawn tentacles (Abyss:3)
53 creatures vanquished.

Grand Total: 717 creatures vanquished

Notes
Turn   | Place    | Note
-------+----------+-------------------------------------------
     0 | D:1      | Jynx the Minotaur Fighter began the quest for the Orb.
     0 | D:1      | Reached XP level 1. HP: 19/19 MP: 0/0
   174 | D:1      | Reached skill level 3 in Maces & Flails
   186 | D:1      | Reached XP level 2. HP: 26/26 MP: 1/1
   463 | D:1      | Reached skill level 4 in Maces & Flails
   724 | D:2      | Reached XP level 3. HP: 28/31 MP: 2/2
  1123 | D:2      | Found a shimmering altar of Xom.
  1272 | D:2      | Reached skill level 5 in Maces & Flails
  1393 | D:3      | Reached XP level 4. HP: 39/39 MP: 3/3
  1930 | D:4      | Reached XP level 5. HP: 43/45 MP: 4/4
  1987 | D:4      | Reached skill level 6 in Maces & Flails
  2010 | D:4      | Found Soeh's Magic Scroll Shop.
  2019 | D:4      | Reached skill level 5 in Armour
  2027 | D:4      | Bought a scroll of identify for 22 gold pieces
  2034 | D:4      | Found a glowing golden altar of the Shining One.
  2151 | D:4      | Reached XP level 6. HP: 44/51 MP: 5/5
  2233 | D:4      | Found a runed translucent door.
  2234 | D:4      | Noticed Crazy Yiuf
  2537 | D:4      | Killed Crazy Yiuf
  2537 | D:4      | Reached skill level 7 in Maces & Flails
  2825 | D:5      | Entered Level 5 of the Dungeon
  2832 | D:5      | Found Zuuhofyaxt's Book Boutique.
  2965 | D:5      | Noticed Blork the orc
  2973 | D:5      | Killed Blork the orc
  2973 | D:5      | Reached XP level 7. HP: 57/57 MP: 6/6
  3293 | D:5      | Reached skill level 8 in Maces & Flails
  3773 | D:6      | Found a staircase to the Ecumenical Temple.
  3928 | D:6      | Reached XP level 8. HP: 47/64 MP: 7/7
  4387 | D:7      | Reached skill level 9 in Maces & Flails
  4957 | D:7      | Reached skill level 10 in Maces & Flails
  5250 | D:7      | Reached XP level 9. HP: 70/70 MP: 8/8
  5261 | D:7      | Reached skill level 11 in Maces & Flails
  5560 | D:7      | Noticed a two-headed ogre
  5568 | D:7      | Killed a two-headed ogre
  5568 | D:7      | Reached skill level 10 in Armour
  5688 | D:8      | Reached skill level 12 in Maces & Flails
  6159 | D:9      | Found Daas's Antique Weapon Shoppe.
  6159 | D:9      | Found a staircase to the Lair.
  6159 | D:9      | Noticed a two-headed ogre
  6177 | D:9      | Killed a two-headed ogre
  6177 | D:9      | Reached skill level 13 in Maces & Flails
  6177 | D:9      | Reached XP level 10. HP: 71/77 MP: 9/9
  6212 | D:9      | Noticed a two-headed ogre
  6239 | D:9      | Killed a two-headed ogre
  6447 | Temple   | Entered the Ecumenical Temple
  6521 | Temple   | Became a worshipper of Warmaster Okawaru
  6660 | D:9      | Reached skill level 14 in Maces & Flails
  6888 | D:9      | Reached * piety under Okawaru
  7333 | D:9      | Reached skill level 15 in Maces & Flails
  7476 | D:10     | Entered Level 10 of the Dungeon
  7494 | D:10     | Found a roughly hewn altar of Beogh.
  7494 | D:10     | Found a staircase to the Orcish Mines.
  7667 | D:10     | Noticed a two-headed ogre
  7717 | Lair:1   | Entered Level 1 of the Lair of Beasts
  7722 | Lair:1   | Noticed a spiny frog
  7731 | Lair:1   | Killed a spiny frog
  7731 | Lair:1   | Reached ** piety under Okawaru
  7735 | Lair:1   | Reached XP level 11. HP: 73/82 MP: 10/10
  8065 | Lair:1   | Noticed Nergalle
  8084 | Lair:1   | Killed Nergalle
  8117 | Lair:1   | Reached *** piety under Okawaru
  8262 | Lair:1   | Reached skill level 5 in Fighting
  8479 | Lair:1   | Reached skill level 16 in Maces & Flails
  9163 | Lair:2   | Reached **** piety under Okawaru
  9331 | Lair:2   | Found a frozen archway.
  9475 | Lair:2   | Received a gift from Okawaru
  9493 | IceCv    | Entered an ice cave
  9604 | Lair:2   | Reached skill level 17 in Maces & Flails
  9906 | Lair:2   | Found a runed translucent gate.
  9907 | Lair:2   | Found a runed translucent gate.
  9908 | Lair:2   | Found a runed translucent gate.
  9909 | Lair:2   | Noticed 1994's ghost (journeyman DsNe)
  9909 | Lair:2   | Noticed a 12-headed hydra
  9910 | Lair:2   | Noticed a 12-headed hydra
 10908 | Lair:3   | Reached ***** piety under Okawaru
 10940 | Lair:3   | Reached XP level 12. HP: 94/101 MP: 11/11
 11249 | Lair:3   | Noticed an eight-headed hydra
 11262 | Lair:3   | Killed an eight-headed hydra
 11711 | D:9      | Killed a two-headed ogre
 12025 | D:9      | Reached skill level 18 in Maces & Flails
 13167 | D:11     | Received a gift from Okawaru
 13871 | Orc:1    | Entered Level 1 of the Orcish Mines
 13934 | Orc:1    | Found a roughly hewn altar of Beogh.
 14452 | Orc:1    | Found a roughly hewn altar of Beogh.
 14456 | Orc:1    | Reached skill level 10 in Fighting
 14565 | Orc:2    | Entered Level 2 of the Orcish Mines
 14592 | Orc:2    | Noticed an orc warlord
 14630 | Orc:1    | Reached skill level 19 in Maces & Flails
 15025 | Orc:2    | Found a staircase to the Elven Halls.
 15152 | Orc:1    | Killed an orc warlord
 15563 | Orc:2    | Noticed a two-headed ogre
 15565 | Orc:2    | Noticed a two-headed ogre
 15566 | Orc:2    | Noticed an ogre mage
 15566 | Orc:2    | Noticed a two-headed ogre
 15567 | Orc:2    | Noticed an ogre mage
 15567 | Orc:2    | Noticed an ogre mage
 15567 | Orc:2    | Noticed a two-headed ogre
 15577 | Orc:2    | Killed a two-headed ogre
 15577 | Orc:2    | Noticed a two-headed ogre
 15578 | Orc:2    | Noticed an ogre mage
 15583 | Orc:1    | Killed a two-headed ogre
 15583 | Orc:1    | Reached XP level 13. HP: 62/114 MP: 12/12
 15807 | Orc:2    | Received a gift from Okawaru
 16283 | Orc:2    | Reached skill level 20 in Maces & Flails
 17084 | Orc:2    | Got a faintly glowing hat
 17084 | Orc:2    | Got a heavily runed hat
 17092 | Orc:2    | Identified the +0 hat of Patterns {rPois} (You found it on
                  | level 2 of the Orcish Mines)
 17102 | Orc:2    | Identified the +2 hat of Valour {rC- Regen+ Str+3 Int+7}
                  | (You found it on level 2 of the Orcish Mines)
 17484 | Lair:3   | Found a hole to the Spider Nest.
 17968 | Lair:4   | Found a staircase to the Shoals.
 18380 | Lair:4   | Got a clouded ivory ring
 18381 | Lair:4   | Identified the cursed ring of Wishful Thinking {rElec rF+
                  | rN+ EV-2 Str+4} (You found it on level 4 of the Lair of
                  | Beasts)
 18536 | Lair:5   | Noticed Kirke
 18750 | Lair:5   | Reached skill level 21 in Maces & Flails
 18791 | Lair:5   | Killed Kirke
 18791 | Lair:5   | Reached ****** piety under Okawaru
 19014 | Lair:5   | Reached XP level 14. HP: 112/127 MP: 11/13
 19234 | Lair:5   | Received a gift from Okawaru
 19553 | Lair:6   | Entered Level 6 of the Lair of Beasts
 19620 | Lair:6   | Reached skill level 1 in Invocations
 19790 | Lair:6   | Received a gift from Okawaru
 20248 | Lair:5   | Reached skill level 22 in Maces & Flails
 20885 | Lair:6   | Found a runed translucent door.
 22322 | Orc:2    | Found Nuckaedo's Weapon Shop.
 22322 | Orc:2    | Found Xajunawn's Weapon Emporium.
 22325 | Orc:2    | Found Utiteanu's Jewellery Emporium.
 22325 | Orc:2    | Found Bangim Pawy's General Store.
 22327 | Orc:2    | Reached skill level 5 in Invocations
 22347 | Orc:2    | Bought an uncursed ring of poison resistance for 360 gold
                  | pieces
 22359 | Orc:2    | Bought a scroll of identify for 24 gold pieces
 22359 | Orc:2    | Bought a scroll of identify for 24 gold pieces
 22359 | Orc:2    | Bought a scroll of identify for 24 gold pieces
 22775 | Spider:1 | Entered Level 1 of the Spider Nest
 22826 | Spider:1 | Reached XP level 15. HP: 132/138 MP: 17/17
 22950 | Spider:1 | Received a gift from Okawaru
 23037 | Spider:1 | HP: 5/138 [wolf spider (15)]
 23038 | Spider:1 | HP: 2/138 [jumping spider (10)]
 23513 | Spider:1 | Noticed Louise
 23514 | Spider:1 | Cast into level 3 of the Abyss (Louise)
 23722 | Abyss:3  | Noticed a Hell Sentinel
 23778 | Abyss:3  | Noticed a tentacled starspawn
 23796 | Abyss:3  | Killed a tentacled starspawn
 23796 | Abyss:3  | Reached skill level 23 in Maces & Flails
 23917 | Abyss:3  | Noticed a tentacled starspawn
 23933 | Abyss:3  | Killed a tentacled starspawn
 23936 | Abyss:3  | Gained mutation: You are weak. (Str -2) [a neqoxec]
 23937 | Abyss:3  | Killed from afar by a blizzard demon

Levels and vault maps discovered:
D:1:      minmay_arrival_jagged, layout_basic, serial_bayou_pond_e,
          glass_columns_a, hex_large, minmay_octomino_e4
D:2:      layout_loops_ring, xom_teletrap_fun
D:3:      layout_loops_ring, first_ration
D:4:      layout_rooms, overflow_temple_1_default, serial_shops, shop,
          lemuel_another_geyser, uniq_crazy_yiuf_cottage
D:5:      minmay_inner_zag, layout_gridville, serial_shops, shop, serial_glass,
          glass_columns_a, glass_columns_a, uniq_blork_the_orc
D:6:      layout_cave_pods, minmay_temple_entry_statues
D:7:      layout_basic
D:8:      layout_basic
D:9:      cheibrodos_fzero, layout_rooms, serial_shops, shop, grunt_livestock,
          kennysheep_minor_cross
D:10:     layout_rooms, david_orc_5
D:11:     layout_loops_ring
Temple:   roderic_octagonal_lattice_temple
Lair:1:   layout_regular_city, grunt_megastairs_4, lemuel_fruit_fields,
          serial_bayou_shore_b, uniq_nergalle
Lair:2:   layout_roguey, gammafunk_ghost_hydra_chop,
          portal_ice_cave_entry_ice_beasts
Lair:3:   layout_long_grid, spider_nest_entry_webs
Lair:4:   layout_gridlike, minmay_shoals_entry_lonely_mermaid,
          gammafunk_lair_bear_cave, grunt_megastairs_2, serial_bayou_shore_a,
          infiniplex_staircase_pool
Lair:5:   layout_long_grid, uniq_kirke
Lair:6:   wormcave, layout_regular_city, minmay_slime_entry_oklob_enclosed,
          minmay_lair_oklob_chamber
Spider:1: layout_spider_delve, uniq_roxanne, uniq_louise
Orc:1:    layout_caves, basic_altar, david_defended_altar_orc
Orc:2:    st_orc_ogre_mass, layout_diamond_mine, hangedman_minor_magic
Abyss:3:  base: D:13, evilmike_abyss_rune_siren_acolytes,
          due_evilmike_abyss_rune_seething_liches,
          nicolae_abyss_rune_star_stuff, nicolae_abyss_rune_star_stuff,
          evilmike_abyss_exit_mutagenic,
          dshaligram_kb_abyss_rune_zappy_water_cross

Skill      XL: |  1  2  3  4  5  6  7  8  9 10 11 12 13 14 15 |
---------------+----------------------------------------------+-----
Maces & Flails | 3 4 5 6 7 8 10 13 15 17 19 21 22 23 | 23.1
Armour         | 4 5 6 8 9 11 12 | 12.6
Fighting       | 7 10 12 14 | 14.6
Invocations    | 5 6 |  6.5
Shields        | |  3.6

Action                   |  1- 3 |  4- 6 |  7- 9 | 10-12 | 13-15 || total
-------------------------+-------+-------+-------+-------+-------++-------
Melee: Flail             |    74 |   128 |   322 |   693 |       ||  1217
       Headbutt          |    10 |    21 |    70 |   200 |   181 ||   482
       Mace              |    20 |       |       |       |       ||    20
       Punch             |       |       |       |     4 |       ||     4
       Great mace        |       |       |       |   201 |   745 ||   946
Invok: Heroism           |       |       |       |    11 |    27 ||    38
       Finesse           |       |       |       |     1 |     6 ||     7
  Use: Scroll            |       |     6 |     7 |     5 |     7 ||    25
       Potion            |       |     1 |     3 |     1 |     8 ||    13
  Eat: Chunk             |     2 |     5 |    15 |    30 |    22 ||    74
       Ration            |       |       |       |       |     1 ||     1
Armor: Scale mail        |    29 |       |       |       |       ||    29
       Plate armour      |     8 |   101 |   265 |   645 |   537 ||  1556
Dodge: Dodged            |    49 |    33 |   106 |   281 |   306 ||   775
       Deflected         |       |       |       |       |     3 ||     3
